Match 42748480
Unlisted

Match 42748480
End
Pioneer Squad
Construct Infanterie Kompanie
Selects Breakthrough Battlegroup
Selects Assault Grenadiers
Grenadier Squad
Grenadier Squad
Grenadier Squad
Medical Station
Grenadier Squad
Infanterie Officer Quarters
Selects Rapid Production
Construct Luftwaffe Kompanie
Kkalua_Milk
Nuamnuam
0
0

Comments sign in to comment!

No comments posted yet!